 Dungeon Crawl Stone Soup version 0.30.2 (webtiles) character file.

Game seed: 759967349302673268

93807 arakdai the Impaler (level 15, 0/152 HPs)
             Began as a Minotaur Fighter on Jan 2, 2024.
             Was the Champion of Okawaru.
             Slain by a troll (5 damage)
             ... while paralysed by an ogre mage
             ... on level 2 of the Orcish Mines on Jan 25, 2024.
             The game lasted 01:25:08 (24038 turns).

arakdai the Impaler (Minotaur Fighter)             Turns: 24038, Time: 01:25:09

Health: 0/152      AC: 30    Str: 33    XL:     15   Next: 61%
Magic:  14/15      EV:  2    Int:  5    God:    Okawaru [******]
Gold:   2455       SH:  0    Dex: 12    Spells: 14/14 levels left

rFire   . . .        B - +3 glaive of Ikamof {flame, rPois rC- Str+7}
rCold   x . .        (shield currently unavailable)
rNeg    . . .        P - +1 plate armour
rPois   +            (helmet restricted)
rElec   .            i - +0 cloak
rCorr   .            S - +1 pair of gloves
SInv    .            o - +0 pair of boots
Will    +....        G - amulet of faith Stlth
                     w - +5 ring of evasion
HPRegen 0.45/turn    R - +4 ring of protection
MPRegen 0.14/turn

%: faith
@: paralysed, heroic, studying Axes
A: horns 2, retaliatory headbutt
a: Renounce Religion, Heroism, Finesse, Duel


You were on level 2 of the Orcish Mines.
You worshipped Okawaru.
Okawaru was exalted by your worship.
You visited 4 branches of the dungeon, and saw 23 of its levels.
You also visited: Sewer.

You collected 2455 gold pieces.

Inventory:

Hand Weapons
 a - the +6 long sword of Beogh, Growing {elec, rElec MP+9 Str+4 Stlth+}
   (You found it on level 5 of the Lair of Beasts)

   Str:       It affects your strength (+4).
   rElec:     It insulates you from electricity.
   MP:        It affects your magic capacity (+9).
   Stlth:     It makes you more stealthy.
 j - a +2 arbalest of freezing
 k - the +2 quarterstaff of the Wizarding Pariah {heavy, Fragile +Blink rElec rC++}
   (You found it on level 2 of the Lair of Beasts)

   rC:        It greatly protects you from cold.
   rElec:     It insulates you from electricity.
   +Blink:    It lets you blink.
   Fragile:   It will be destroyed if unequipped.
 l - a +5 halberd of protection
 x - a +1 glaive of venom
 B - the +3 glaive of Ikamof (weapon) {flame, rPois rC- Str+7}
   (Okawaru gifted it to you on level 4 of the Lair of Beasts)

   Str:       It affects your strength (+7).
   rC:        It makes you vulnerable to cold.
   rPois:     It protects you from poison.
 E - the +5 long sword of Mayhem {freeze, *Rage Will+ Dex+2}
   (You found it on level 5 of the Dungeon)

   Dex:       It affects your dexterity (+2).
   *Rage:     It berserks you when you make melee attacks (+20% chance).
   Will:      It increases your willpower.
 V - a +0 antimagic glaive
Missiles
 D - 3 throwing nets (quivered)
Armour
 b - the +1 robe "Taqaviox" {rN++ Stlth+}
   (Okawaru gifted it to you on level 2 of the Lair of Beasts)

   rN:        It greatly protects you from negative energy.
   Stlth:     It makes you more stealthy.
 c - a +0 buckler
 f - the +6 scale mail of Xoolud {rPois}
   (Okawaru gifted it to you on level 5 of the Lair of Beasts)

   rPois:     It protects you from poison.
 i - a +0 cloak (worn)
 o - a +0 pair of boots (worn)
 P - a +1 plate armour (worn)
 S - a +1 pair of gloves (worn)
 Z - the +0 pair of boots "Ness" {MP+9 Str+5 Int-4 Dex-5}
   (Okawaru gifted it to you on level 14 of the Dungeon)

   Str:       It affects your strength (+5).
   Int:       It affects your intelligence (-4).
   Dex:       It affects your dexterity (-5).
   MP:        It affects your magic capacity (+9).
Jewellery
 g - an amulet of the acrobat
 q - a ring of wizardry
 r - a ring of protection from fire
 w - a +5 ring of evasion (left hand)
 y - a ring of flight
 G - an amulet of faith (around neck)
 H - a ring of willpower
 N - a ring of resist corrosion
 R - a +4 ring of protection (right hand)
 T - a ring of poison resistance
Wands
 s - a wand of digging (5)
 t - a wand of polymorph (12)
 A - a wand of iceblast (8)
 C - a wand of paralysis (10)
 I - a wand of acid (2)
 M - a wand of mindburst (29)
Scrolls
 h - 4 scrolls of teleportation
 m - 5 scrolls of magic mapping
 u - 2 scrolls of poison
 K - 4 scrolls of identify
 L - 3 scrolls of enchant weapon
Potions
 d - a potion of cancellation
 e - a potion of invisibility
 n - a potion of brilliance
 p - 4 potions of flight
 v - 2 potions of magic
 z - 4 potions of resistance
 F - 3 potions of haste
 O - 3 potions of might
 Q - a potion of ambrosia
 U - 3 potions of berserk rage
 W - a potion of curing
Miscellaneous
 J - a piece from Xom's chessboard (15/15)


   Skills:
 * Level 19.2(24.2) Fighting
 + Level 3.9(19.0) Axes
 - Level 20.5(25.6) Polearms
 * Level 13.9(18.9) Armour
 - Level 3.0(8.0) Dodging
 - Level 4.1(9.1) Shields
 * Level 2.0 Invocations
 * Level 8.7 Evocations


You had 14 spell levels left.
You didn't know any spells.
Your spell library contained the following spells:

 Spells                   Type           Power      Damage    Failure   Level
 Freeze                   Ice            0%         1d3       90%         1
 Magic Dart               Conj           0%         1d3       90%         1
 Slow                     Hex            0%         N/A       90%         1
 Poisonous Vapours        Pois/Air       0%         N/A       97%         2
 Static Discharge         Conj/Air       0%         2-2/arc   97%         2
 Confusing Touch          Hex            0%         N/A       99%         3
 Dazzling Flash           Conj/Hex       0%         N/A       99%         3
 Frozen Ramparts          Ice            0%         1d1       99%         3
 Hailstorm                Conj/Ice       0%         3d3       99%         3
 Inner Flame              Hex/Fire       0%         N/A       99%         3
 Mephitic Cloud           Conj/Pois/Air  0%         N/A       99%         3
 Vampiric Draining        Necr           0%         2d6       99%         3
 Volatile Blastmotes      Fire/Tloc      0%         2d10      99%         3
 Airstrike                Air            0%         2d(0-16)  100%        4
 Cause Fear               Hex            0%         N/A       100%        4
 Flame Wave               Conj/Fire      0%         2d4       100%        4
 Ice Form                 Ice/Tmut       0%         N/A       100%        4
 Iskenderun's Mystic Bla  Conj/Tloc      0%         2d3       100%        4
 Sticky Flame             Conj/Fire      0%         2d3       100%        4
 Freezing Cloud           Conj/Ice/Air   0%         6-21      100%        5
 Starburst                Conj/Fire      0%         6d3       100%        6
 Dragon Form              Tmut           0%         N/A       100%        7
 Ozocubu's Refrigeration  Ice            0%         4d7       100%        7
 Polar Vortex             Ice            0%         N/A       100%        9
 Call Imp                 Summ           Unusable   N/A       N/A         2
 Summon Ice Beast         Ice/Summ       Unusable   N/A       N/A         4
 Summon Lightning Spire   Summ/Air       Unusable   N/A       N/A         4
 Simulacrum               Ice/Necr       Unusable   N/A       N/A         6
 Monstrous Menagerie      Summ           Unusable   N/A       N/A         7
 Dragon's Call            Summ           Unusable   N/A       N/A         9

Dungeon Overview and Level Annotations

Branches:
Dungeon (15/15)            Temple (1/1) D:5            Lair (5/5) D:11
  Swamp (0/4) Lair:2        Snake (0/4) Lair:3        Slime (0/5) Lair:5
    Orc (2/2) D:11         Vaults (0/5) D:14         Depths (0/4) D:15
  Sewer (visited)
    Elf: Orc:2

Altars:
Ashenzari
Cheibriados
Dithmenos
Elyvilon
Fedhas
Gozag
Hepliaklqana
Kikubaaqudgha
Makhleb
Nemelex Xobeh
Okawaru
Qazlal
Ru
Sif Muna
Trog
Uskayaw
Vehumet
Wu Jian
Xom
Yredelemnul
Zin
The Shining One
Jiyva

Shops:
D:9 :   Orc:1 :

Annotations:
Lair:5 3 runed translucent doors, MajorAdolf's ghost, journeyman NaWn


Innate Abilities, Weirdness & Mutations

You have a pair of horns on your head.
You reflexively headbutt those who attack you in melee.


Message History

The deep troll closely misses you. You furiously retaliate!
You headbutt the deep troll. The deep troll claws you.
The deep troll claws you but does no damage.
The troll bites you but does no damage.
The troll claws you but does no damage. x2
The two-headed ogre misses you. The two-headed ogre closely misses you.
You dice the two-headed ogre like an onion!!!
You burn the two-headed ogre.
You kill the two-headed ogre!
Okawaru accepts your kill. The deep troll misses you. You furiously retaliate!
You headbutt the deep troll. The deep troll claws you!
The deep troll claws you but does no damage.
The troll closely misses you. You furiously retaliate!
You headbutt the troll! The troll closely misses you. The troll claws you.
You chop the troll into pieces!!! You burn the troll.
You kill the troll!
Okawaru accepts your kill.
You open the deep troll like a pillowcase!!!
You burn the deep troll!
You kill the deep troll!
Okawaru accepts your kill.
Your Invocations skill increases to level 2!
You climb downwards.
The ogre hits you with a +0 giant club!
The two-headed ogre hits you with a +0 giant spiked club!!
The two-headed ogre hits you but does no damage.
You hear some strange, mumbled words.
Deactivating autopickup; reactivate with Ctrl-A.
You suddenly lose the ability to move!
The cyclops throws a large rock.
The large rock hits you.
You hear some strange, mumbled words.
The ogre seems to speed up.
The troll bites you but does no damage. The troll claws you. x2
The ogre hits you with a +0 giant club!!
* * * LOW HITPOINT WARNING * * *
The two-headed ogre hits you with a +0 giant spiked club!!
* * * LOW HITPOINT WARNING * * *
The two-headed ogre hits you with a +0 giant spiked club!
* * * LOW HITPOINT WARNING * * *
The troll bites you.
You die...

.$ ## ## .. .##
###.# . ...###
##....#.#..#..
##....#.#.......
##........#..# ..
#.....#......#...
#....O)[.)......
###..#@[O.......
# #TO.........
##..).......
.............
#..............
...............
#.........C....
##......#......
#.............


You could see a two-headed ogre, an ogre mage, a cyclops, a troll and an ogre
(fast).

Vanquished Creatures
  Gastronok (D:10)
  An orc warlord (Orc:1)
  A stone giant (D:15)
  The ghost of Vufrucs the Grappler, a journeyman DrTm of Wu Jian (Lair:4)
  Snorg (D:14)
  Fannar (Lair:3)
  5 hydras
  4 catoblepae
  3 centaur warriors
  2 ghost crabs (Lair:2)
  2 tengu warriors (D:15)
  2 dancing weapons (D:14)
  9 two-headed ogres
  3 boulder beetles
  Erica (Lair:1)
  6 death yaks (Lair:5)
  A skyshark (Lair:5)
  2 deep trolls
  A goliath frog (Lair:5)
  Pikel (D:7)
  An orc knight (D:15)
  2 deep elf pyromancers
  17 ugly things
  5 cyclopes
  A salamander (Lair:3)
  6 manticores
  A faun (shapeshifter) (D:13)
  5 black mambas
  21 elephants
  2 gargoyles
  23 cane toads
  A rime drake (shapeshifter) (D:15)
  A rime drake (Lair:5)
  2 unseen horrors
  6 kobold demonologists
  An efreet (D:14)
  9 komodo dragons
  A spectral skyshark (Lair:2)
  A hornet (D:7)
  4 polar bears
  9 trolls
  2 tyrant leeches (Lair:5)
  20 blink frogs
  5 dream sheep (Lair:5)
  A spectral black mamba (Lair:2)
  Eustachio (D:6)
  A shadow (D:13)
  5 wyverns
  45 yaks
  A vampire (D:12)
  3 basilisks
  A water elemental (D:15)
  11 vampire mosquitoes
  2 steam dragons (D:8)
  Menkaure (D:4)
  3 wargs (D:11)
  A harpy simulacrum (D:15)
  5 acid dragons
  22 water moccasins
  A swamp drake (D:11)
  16 orc warriors
  A spectral blink frog (Lair:2)
  A black bear (D:6)
  3 ice beasts
  7 wolves
  15 centaurs
  18 ogres
  2 spectral rime drakes (Lair:2)
  A spectral basilisk (Lair:2)
  4 kobold brigands
  A lemure (D:7)
  A phantom (D:5)
  23 bullfrogs
  5 scorpions
  9 wights
  A killer bee (D:8)
  5 electric eels
  A howler monkey (D:8)
  2 lava snakes (Lair:3)
  4 hounds
  Crazy Yiuf (D:4)
  13 orc priests
  6 iguanas
  A jelly (D:4)
  A sleepcap (D:8)
  26 orc wizards
  Natasha (thrice) (D:4)
  Robin (D:2)
  7 adders
  8 gnolls
  A river rat (D:5)
  An ufetubus (D:4)
  4 worms
  A dart slug (D:1)
  81 orcs
  5 endoplasms
  11 giant cockroaches
  10 goblins
  11 hobgoblins
  6 jackals
  17 kobolds
  11 quokkas
  12 ball pythons
  2 bats
  8 frilled lizards
  8 rats
674 creatures vanquished.

Vanquished Creatures (others)
  An angel (D:10)
  An ugly thing (D:14)
  A kobold (D:9)
3 creatures vanquished.

Grand Total: 677 creatures vanquished

Notes
Turn   | Place    | Note
-------+----------+-------------------------------------------
     0 | D:1      | arakdai the Minotaur Fighter began the quest for the Orb.
     0 | D:1      | Reached XP level 1. HP: 19/19 MP: 0/0
   232 | D:1      | Reached XP level 2. HP: 27/27 MP: 1/1
   903 | D:2      | Reached XP level 3. HP: 33/33 MP: 2/2
   904 | D:2      | Noticed Robin
   910 | D:2      | Killed Robin
  1054 | D:2      | Reached XP level 4. HP: 41/41 MP: 3/3
  1640 | D:3      | Found a hide-covered altar of Uskayaw.
  1640 | D:3      | Found a stormy altar of Qazlal.
  1734 | D:3      | Found a shimmering blue altar of Sif Muna.
  1772 | D:3      | Reached skill level 1 in Polearms
  1772 | D:3      | Reached XP level 5. HP: 45/47 MP: 4/4
  1886 | D:3      | Reached skill level 5 in Fighting
  1892 | D:3      | Found a faded altar of an unknown god.
  2069 | D:3      | Identified the +0 scale mail of Agoraphobia {rPois rC+}
  2381 | D:4      | Reached skill level 2 in Polearms
  2495 | D:4      | Noticed Natasha
  2505 | D:4      | Killed Natasha
  2545 | D:4      | Noticed a centaur
  2551 | D:4      | Killed a centaur
  2552 | D:4      | Reached skill level 3 in Polearms
  2552 | D:4      | Reached XP level 6. HP: 40/56 MP: 5/5
  2553 | D:4      | Noticed Natasha
  2568 | D:4      | Killed Natasha
  2569 | D:4      | Reached skill level 4 in Polearms
  2868 | D:4      | Noticed Natasha
  2874 | D:4      | Killed Natasha
  2947 | D:4      | Found a runed translucent door.
  2948 | D:4      | Noticed Crazy Yiuf
  3029 | D:4      | Reached skill level 5 in Polearms
  3226 | D:4      | Reached XP level 7. HP: 62/62 MP: 6/6
  3319 | D:4      | Reached skill level 6 in Polearms
  3413 | D:4      | Noticed Menkaure
  3418 | D:4      | Killed Menkaure
  3419 | D:4      | Reached skill level 7 in Polearms
  3565 | D:4      | Killed Crazy Yiuf
  3595 | D:5      | Entered Level 5 of the Dungeon
  3665 | D:5      | Found a glowing drain.
  3669 | Sewer    | Entered a sewer
  3920 | Sewer    | Reached skill level 8 in Polearms
  3920 | Sewer    | Reached XP level 8. HP: 67/71 MP: 7/7
  4184 | D:5      | Identified the +5 long sword of Mayhem {freeze, *Rage Will+
                  | Dex+2}
  4244 | D:5      | Found a staircase to the Ecumenical Temple.
  4262 | Temple   | Entered the Ecumenical Temple
  4502 | D:5      | Reached skill level 9 in Polearms
  4810 | D:6      | Found a shadowy altar of Dithmenos.
  4814 | D:6      | Found a bloodstained altar of Trog.
  4968 | D:6      | Reached skill level 10 in Polearms
  5256 | D:6      | Noticed Eustachio
  5271 | D:6      | Killed Eustachio
  5491 | D:6      | Reached skill level 11 in Polearms
  5493 | D:6      | Reached XP level 9. HP: 69/80 MP: 8/8
  5736 | D:7      | Noticed Pikel
  5750 | D:7      | Killed Pikel
  5751 | D:7      | Reached skill level 12 in Polearms
  5751 | D:7      | Reached skill level 5 in Armour
  5751 | D:7      | Reached skill level 1 in Dodging
  5937 | D:7      | Reached skill level 13 in Polearms
  6398 | D:8      | Noticed a cyclops
  6398 | D:8      | Noticed a brown ugly thing
  6399 | D:8      | Found an iron altar of Okawaru.
  6399 | D:8      | Noticed a skeletal warrior
  6403 | D:8      | Found a transporter.
  6451 | D:8      | Noticed a two-headed ogre
  6456 | D:8      | Killed a two-headed ogre
  6457 | D:8      | Reached XP level 10. HP: 60/91 MP: 9/9
  6621 | D:8      | Reached skill level 14 in Polearms
  7126 | D:8      | Found a transporter.
  7366 | D:8      | Reached skill level 10 in Fighting
  7369 | D:8      | Killed a cyclops
  7375 | D:8      | Killed a brown ugly thing
  7376 | D:8      | Reached skill level 15 in Polearms
  7382 | D:8      | Became a worshipper of Warmaster Okawaru
  7886 | D:9      | Noticed a two-headed ogre
  7892 | D:9      | Killed a two-headed ogre
  7892 | D:9      | Reached * piety under Okawaru
  7940 | D:9      | Noticed an orange demon
  7943 | D:9      | Reached XP level 11. HP: 101/101 MP: 10/10
  8134 | D:9      | Found Juixkelu's Self-Improvement Boutique.
  8440 | D:10     | Entered Level 10 of the Dungeon
  8453 | D:10     | Reached ** piety under Okawaru
  8579 | D:10     | Reached skill level 16 in Polearms
  8721 | D:10     | Reached skill level 1 in Evocations
  8887 | D:10     | Found a glowing silver altar of Zin.
  8888 | D:10     | Noticed an angel
  8912 | D:10     | Found a shimmering altar of Xom.
  8925 | D:10     | Noticed Gastronok
  8955 | D:10     | Killed Gastronok
  8955 | D:10     | Reached *** piety under Okawaru
  9334 | D:10     | Killed an angel
  9492 | D:11     | Noticed a red ugly thing
  9499 | D:11     | Killed a red ugly thing
  9499 | D:11     | Reached **** piety under Okawaru
  9592 | D:11     | Found a staircase to the Lair.
  9684 | D:11     | Reached skill level 17 in Polearms
 10148 | D:11     | Identified the +2 scale mail "Nak Zauc" {Str+3}
 10278 | D:11     | Found a staircase to the Orcish Mines.
 10701 | Lair:1   | Entered Level 1 of the Lair of Beasts
 10715 | Lair:1   | Reached XP level 12. HP: 87/113 MP: 11/11
 11001 | Lair:1   | Reached ***** piety under Okawaru
 11022 | Lair:1   | Noticed Erica
 11035 | Lair:1   | Killed Erica
 12381 | Lair:2   | Identified the +1 robe "Taqaviox" {rN++ Stlth+} (Okawaru
                  | gifted it to you on level 2 of the Lair of Beasts)
 12381 | Lair:2   | Received a gift from Okawaru
 12390 | Lair:2   | Reached skill level 18 in Polearms
 12390 | Lair:2   | Reached skill level 5 in Evocations
 12392 | Lair:2   | Found a staircase to the Swamp.
 12392 | Lair:2   | Noticed a ghost crab
 12393 | Lair:2   | Noticed a ghost crab
 12400 | Lair:2   | Killed a ghost crab
 12406 | Lair:2   | Killed a ghost crab
 12478 | Lair:2   | Noticed an eight-headed hydra
 12831 | Lair:3   | Noticed a boulder beetle
 12842 | Lair:3   | Killed a boulder beetle
 13099 | Lair:3   | Noticed a four-headed hydra
 13105 | Lair:3   | Killed a four-headed hydra
 13106 | Lair:3   | Reached XP level 13. HP: 123/123 MP: 12/12
 13258 | Lair:3   | Found a staircase to the Snake Pit.
 13267 | Lair:3   | Reached skill level 10 in Armour
 13452 | Lair:3   | Noticed Fannar
 13463 | Lair:3   | Killed Fannar
 14034 | Lair:2   | Found a stormy altar of Qazlal.
 14074 | Lair:2   | Identified the +2 quarterstaff of the Wizarding Pariah
                  | {heavy, Fragile +Blink rElec rC++}
 14437 | D:12     | Received a gift from Okawaru
 14582 | D:12     | Got the Monograph on the Snowflakes and Mustering
 15873 | D:13     | Identified a scroll of acquirement
 15873 | D:13     | Acquired a manual of Axes
 15978 | D:14     | Reached skill level 15 in Fighting
 16051 | D:14     | Reached ****** piety under Okawaru
 16051 | D:14     | Received a gift from Okawaru
 16483 | D:14     | Reached skill level 19 in Polearms
 16496 | D:14     | Found a gate to the Vaults.
 16718 | D:14     | Identified the +0 pair of boots "Ness" {MP+9 Str+5 Int-4
                  | Dex-5} (Okawaru gifted it to you on level 14 of the
                  | Dungeon)
 16718 | D:14     | Received a gift from Okawaru
 16747 | D:14     | Reached XP level 14. HP: 87/137 MP: 13/13
 17026 | D:14     | Noticed Snorg
 17041 | D:14     | Killed Snorg
 17412 | D:15     | Entered Level 15 of the Dungeon
 18316 | D:15     | Found an opulent altar of Gozag.
 18343 | D:15     | Identified the +9 short sword "Grim Tooth" {venom, *Noise
                  | Dex+9}
 18636 | D:15     | Found a staircase to the Depths.
 18636 | D:15     | Noticed a stone giant
 18643 | D:15     | Killed a stone giant
 18643 | D:15     | Received a gift from Okawaru
 18847 | D:15     | Upgraded the game from 0.30-b1-2-g02819fbbbe to 0.30.2
 19770 | Lair:4   | Identified the +3 glaive of Ikamof {flame, rPois rC- Str+7}
                  | (Okawaru gifted it to you on level 4 of the Lair of Beasts)
 19770 | Lair:4   | Received a gift from Okawaru
 19815 | Lair:4   | Found a large runed translucent door.
 19824 | Lair:4   | Found a large runed translucent door.
 19829 | Lair:4   | Noticed Vufrucs's ghost (journeyman DrTm)
 20676 | Lair:4   | Killed Vufrucs's ghost
 20765 | Lair:5   | Entered Level 5 of the Lair of Beasts
 20765 | Lair:5   | Found a viscous altar of Jiyva.
 20765 | Lair:5   | Found a staircase to the Slime Pits.
 20792 | Lair:5   | Noticed MajorAdolf's ghost (journeyman NaWn)
 20851 | Lair:5   | Found a runed translucent gate.
 20851 | Lair:5   | Found a runed translucent gate.
 20851 | Lair:5   | Found a runed translucent gate.
 20882 | Lair:5   | Identified the +6 scale mail of Xoolud {rPois} (Okawaru
                  | gifted it to you on level 5 of the Lair of Beasts)
 20882 | Lair:5   | Received a gift from Okawaru
 21177 | Lair:5   | Reached skill level 20 in Polearms
 21369 | Lair:5   | Reached XP level 15. HP: 102/149 MP: 14/14
 21801 | Lair:5   | Identified the +2 robe of Dogma {*Corrode Int+5 Dex+6}
 21965 | Lair:5   | Identified the +6 long sword of Beogh, Growing {elec, rElec
                  | MP+9 Str+4 Stlth+}
 23024 | Orc:1    | Entered Level 1 of the Orcish Mines
 23057 | Orc:1    | Received a gift from Okawaru
 23072 | Orc:1    | Reached skill level 1 in Invocations
 23310 | Orc:1    | Found Denuth's Vocational Training.
 23478 | Orc:2    | Entered Level 2 of the Orcish Mines
 24036 | Orc:2    | Paralysed by something for 5 turns
 24037 | Orc:2    | HP: 5/152 [two-headed ogre/+0 giant spiked club (9)]
 24038 | Orc:2    | Slain by a troll

Illustrated notes

Levels and vault maps discovered:
D:1:      matt_arrival_refuge, layout_basic
D:2:      layout_loops_ring, uniq_robin
D:3:      layout_loops_ring, lemuel_crystal_altar, jmf_multi_god_temple,
          hellmonk_ecumenical_altar_zigzags
D:4:      kb_forest_paths, layout_basic, minivault_27, minivault_4,
          uniq_natasha, uniq_crazy_yiuf_cottage, uniq_menkaure
D:5:      layout_rooms, minmay_temple_entry_overgrown, gup_sewer_entry_bowl
D:6:      layout_loops_corners, chequers_temple_overflow_statue_of_worship,
          uniq_eustachio
D:7:      layout_rooms, uniq_pikel
D:8:      layout_loops_ring, gammafunk_temple_overflow_arena
D:9:      layout_roguey, serial_park_tiny_1, nicolae_shop_self_help
D:10:     layout_stronghold, grunt_temple_overflow_order_and_chaos_1,
          uniq_gastronok
D:11:     layout_loops_ring, erik_lair_orcish_takeover, erik_orc_1
D:12:     layout_irregular_city
D:13:     layout_grid_maze
D:14:     layout_loops_ring, erik_vaults_1, corexii_hall_statues_i, uniq_snorg
D:15:     grunt_enter_depths_snipers, layout_basic, nicolae_gozag_seed_capital
Temple:   nicolae_temple_superstar
Lair:1:   layout_hall_layers, uniq_erica
Lair:2:   layout_loops_ring, nicolae_swamp_entry_spooky, basic_altar,
          beast_lair_carwin_1
Lair:3:   layout_regular_city, nicolae_snake_entry_warm_welcome, uniq_fannar
Lair:4:   nzn_motion_control, layout_misc_corridors, ebering_ghost_disaster_area
Lair:5:   minmay_lair_end_frog_pond, layout_cellular_growth, slime_entry_1,
          maelrawn_ghost_gauntlet_escape, lemuel_fruit_tree,
          serial_bayou_shore_a, infiniplex_staircase_pool
Orc:1:    layout_caves, nicolae_shop_vocational
Orc:2:    st_orc_open, layout_caves, led_sif_book

Skill      XL: |  1  2  3  4  5  6  7  8  9 10 11 12 13 14 15 |
---------------+----------------------------------------------+-----
Fighting       | 4 5 6 7 9 10 12 13 16 17 19 | 19.2
Armour         | 4 5 6 7 9 11 13 | 13.9
Axes           | 3 |  3.9
Shields        | 4 |  4.1
Polearms       | 1 3 5 8 11 13 15 17 18 19 20 | 20.5
Dodging        | 1 2 3 |  3.0
Evocations     | 3 5 7 8 |  8.7
Invocations    | 2 |  2.0

Action                     |  1- 3 |  4- 6 |  7- 9 | 10-12 | 13-15 || total
---------------------------+-------+-------+-------+-------+-------++-------
  Melee: War axe           |    73 |    11 |       |       |       ||    84
         Headbutt          |    11 |    17 |    36 |    93 |   181 ||   338
         Halberd           |       |   151 |   289 |   506 |   549 ||  1495
         Scimitar          |       |       |       |     4 |       ||     4
         Trident           |       |       |       |       |    11 ||    11
         Punch             |       |       |       |       |     1 ||     1
         Glaive            |       |       |       |       |   454 ||   454
 Invoke: Heroism           |       |       |       |     1 |     5 ||     6
  Evoke: Wand              |       |       |       |     6 |     5 ||    11
    Use: Scroll            |     2 |     2 |    11 |    14 |    16 ||    45
         Potion            |       |     1 |     3 |    13 |     6 ||    23
   Stab: Invisible         |       |       |       |     1 |       ||     1
 Armour: Scale mail        |    28 |    87 |    97 |    16 |       ||   228
         Acid dragon scale |       |       |       |    21 |       ||    21
         Plate armour      |       |       |       |   263 |   498 ||   761
  Dodge: Dodged            |    22 |    92 |   136 |   252 |   478 ||   980
  Block: Buckler           |    20 |     6 |       |       |       ||    26
